Map: Orbital Shipyard

Players

KimJongUnFTW - Winner!

  • Race: Terran Terran
  • League: Master

Eminem

  • Race: Protoss Protoss
  • League: Master

VOD

Have the link to the VOD?

Description

Time

  • Played on: Jan. 26, 2016, 6:03 p.m.
  • Length: 12:54
Show
View Real Time Build Order
Export as new Build Order

KimJongUnFTW Terran - Winner!

Build Orders: Liberator Opening, MMM Bio 

Get SALT Encoding   

  12  0:01  SCV  
  13  0:13  SCV  
  14  0:17  Supply Depot  
  14  0:25  SCV  
  15  0:39  SCV  
  15  0:42  Barracks  
  16  0:45  Refinery  
  16  0:51  SCV  
  16  0:56  Refinery  
  17  1:03  SCV  
  18  1:15  SCV  
  19  1:29  Reaper, Orbital Command  
  20  1:40  Supply Depot  
  20  1:48  Factory  
  20  1:57  SCV  
  21  2:01  Reaper  
  22  2:09  SCV  
  23  2:21  SCV  
  24  2:33  SCV  
  25  2:42  Starport  
  25  2:43  Factory Tech Lab  
  25  2:45  SCV  
  25  2:47  Supply Depot  
  26  2:57  SCV  
  27  3:03  Liberator  
  27  3:06  Command Center  
  27  3:08  Cyclone  
  27  3:09  SCV  
  31  3:22  SCV  
  35  3:28  Supply Depot  
  36  3:36  SCV  
  35  3:51  Liberator  
  35  3:52  Marine  
  35  3:53  Stimpack, Widow Mine  
  38  4:01  SCV, Barracks x2  
  41  4:13  SCV  
  41  4:15  Supply Depot  
  42  4:20  Orbital Command  
  42  4:23  Factory Reactor  
  42  4:24  Marine  
  42  4:29  SCV  
  44  4:41  SCV  
  45  4:53  SCV, Liberator  
  45  4:56  Barracks Tech Lab  
  45  4:58  SCV  
  47  5:02  Engineering Bay  
  47  5:05  SCV  
  45  5:11  SCV  
  45  5:14  Refinery x2  
  49  5:15  Combat Shields, Marine, Factory Reactor  
  49  5:19  Marauder  
  49  5:21  SCV  
  53  5:23  SCV  
  53  5:25  Marine, Marauder  
  57  5:29  Supply Depot  
  57  5:33  SCV  
  57  5:35  SCV, Marine  
  60  5:44  Marauder  
  60  5:45  SCV  
  60  5:47  SCV  
  66  5:50  Marauder  
  66  5:51  Barracks x2  
  66  5:54  Starport Reactor  
  66  5:57  SCV  
  66  5:59  SCV  
  66  6:02  Widow Mine, Supply Depot, Marine x2  
  66  6:03  Widow Mine  
  74  6:11  Terran Infantry Weapons Level 1  
  74  6:12  Missile Turret  
  74  6:13  Marauder x2  
  78  6:23  Marine x2  
  78  6:25  Supply Depot  
  80  6:28  Supply Depot  
  80  6:29  Liberator  
  80  6:32  Widow Mine x2  
  84  6:34  Medivac  
  84  6:38  Supply Depot  
  86  6:44  Barracks Reactor  
  86  6:45  Barracks Tech Lab  
  86  6:46  Marine x2  
  91  6:49  Marauder  
  91  6:50  Marauder  
  95  7:04  Marine, Medivac  
  98  7:10  Marauder  
  99  7:17  Marine  
  99  7:18  Marauder  
  99  7:19  Marauder  
  99  7:22  Marine  
  103  7:23  Widow Mine x2  
  103  7:24  Marine x2  
  109  7:31  Supply Depot  
  109  7:32  Marauder  
  109  7:35  Marine  
  108  7:40  Marine, Marauder  
  108  7:42  Marine, Marauder  
  109  7:46  Supply Depot, Marine  
  107  7:54  Marine, Marauder  
  107  7:55  Widow Mine x2  
  107  7:56  Medivac  
  107  7:58  Marine  
  117  8:02  Marine, Marauder  
  117  8:04  Marine, Marauder  
  118  8:08  Concussive Shells  
  118  8:15  Marine, Marauder  
  118  8:17  Medivac  
  123  8:25  Marine  
  123  8:26  Marauder  
  119  8:28  Liberator  
  119  8:29  Marine  
  119  8:33  Marine  
  119  8:34  Marauder  
  117  8:42  Marine  
  121  8:49  Command Center  
  121  8:51  Marauder  
  121  8:54  Liberator  
  118  9:04  Marine  
  118  9:05  Marauder  
  118  9:06  Marine, Marauder  
  121  9:10  Liberator  
  121  9:13  Marauder  
  121  9:14  Widow Mine  
  121  9:15  Widow Mine  
  124  9:17  Marine  
  114  9:26  Marauder  
  114  9:27  Marine  
  114  9:28  Marauder  
  120  9:42  Terran Infantry Armor Level 1  
  118  9:46  Marine, Marauder  
  118  9:48  Marine, Marauder  
  118  9:49  Missile Turret, Marauder  
  126  9:55  Marine  
  126  9:56  Medivac  
  126  10:00  Widow Mine x2  
  126  10:01  Marine  
  126  10:03  Marine  
  126  10:05  Orbital Command  
  133  10:07  SCV x2  
  133  10:10  Medivac  
  135  10:19  SCV  
  133  10:23  Marine, Marauder  
  133  10:24  Liberator  
  133  10:25  Marine, Marauder  
  133  10:26  Medivac  
  133  10:28  Marine, Marauder  
  139  10:37  Marine  
  139  10:41  SCV  
  138  10:54  Marine x2  
  140  10:57  Medivac, Marauder  
  140  11:00  Widow Mine x2, Marauder  
  131  11:06  Marine x2  
  133  11:15  Marine, Marauder  
  133  11:17  Marine  
  136  11:19  SCV x2, Liberator, Marauder  
  136  11:21  Engineering Bay  
  136  11:24  Medivac  
  137  11:27  Armory, Marine, Marauder  
  137  11:28  Marine  
  139  11:35  Missile Turret x2  
  139  11:36  Supply Depot x2  
  139  11:37  Marine  
  139  11:38  Marine x2  
  139  11:39  Marine  
  143  11:44  Liberator  
  143  11:47  Marine  
  141  11:49  Marauder  
  141  11:53  Marine  
  145  11:57  Marauder  
  145  11:58  Marine x2, Marauder  
  145  12:01  Widow Mine x2, Command Center  
  158  12:12  Marine x2  
  158  12:13  Marauder  
  162  12:16  Supply Depot  
  162  12:19  Marine x2, Supply Depot  
  164  12:31  Marine  
  164  12:36  Supply Depot  
Show
View Real Time Build Order
Export as new Build Order

Eminem Protoss 

Build Orders: 1 Gate Expand 

Get SALT Encoding   

  12  0:00  Probe (Chrono Boost)  
  13  0:11  Probe (Chrono Boost)  
  14  0:17  Pylon  
  14  0:23  Probe (Chrono Boost)  
  16  0:36  Probe (Chrono Boost)  
  16  0:37  Gateway  
  16  0:46  Probe (Chrono Boost)  
  16  0:47  Assimilator  
  17  0:58  Probe (Chrono Boost)  
  18  1:09  Probe (Chrono Boost)  
  19  1:19  Nexus  
  19  1:23  Probe (Chrono Boost)  
  20  1:34  Cybernetics Core  
  20  1:36  Probe (Chrono Boost)  
  20  1:39  Assimilator  
  21  1:46  Probe (Chrono Boost)  
  22  1:55  Pylon  
  24  2:16  Mothership Core (Chrono Boost), Stalker  
  24  2:41  Probe (Chrono Boost)  
  25  2:51  Probe x2 (Chrono Boost)  
  26  2:55  Stalker  
  29  2:58  Warp Gate  
  29  3:01  Probe (Chrono Boost)  
  29  3:02  Probe (Chrono Boost)  
  28  3:14  Robotics Facility  
  28  3:15  Probe (Chrono Boost)  
  28  3:18  Probe (Chrono Boost)  
  29  3:26  Probe (Chrono Boost)  
  30  3:27  Stalker  
  30  3:32  Probe (Chrono Boost)  
  33  3:37  Probe (Chrono Boost)  
  34  3:42  Probe (Chrono Boost)  
  34  3:47  Probe (Chrono Boost)  
  37  3:55  Probe (Chrono Boost)  
  37  3:57  Probe (Chrono Boost)  
  37  3:58  Stalker  
  40  4:05  Observer (Chrono Boost)  
  40  4:06  Probe  
  40  4:07  Probe  
  43  4:11  Pylon  
  43  4:17  Probe  
  43  4:19  Probe  
  43  4:24  Observer (Chrono Boost), Pylon  
  46  4:28  Probe  
  46  4:30  Stalker  
  46  4:31  Probe  
  50  4:38  Assimilator, Probe  
  50  4:42  Observer (Chrono Boost)  
  50  4:43  Probe  
  53  4:49  Probe  
  54  4:55  Probe  
  54  4:59  Probe  
  52  5:07  Probe  
  52  5:10  Probe  
  58  5:14  Immortal (Chrono Boost)  
  58  5:19  Pylon, Probe  
  58  5:20  Probe  
  59  5:23  Assimilator  
  59  5:25  Twilight Council  
  60  5:31  Probe x2, Gateway  
  60  5:35  Gateway  
  62  5:38  Pylon  
  62  5:41  Probe  
  62  5:43  Probe  
  62  5:49  Forge  
  64  5:51  Immortal (Chrono Boost)  
  64  5:52  Probe  
  64  5:56  Probe  
  70  5:57  Pylon  
  70  6:02  Probe  
  70  6:08  Pylon  
  70  6:10  Pylon  
  70  6:11  Blink  
  71  6:16  Nexus  
  71  6:20  Pylon  
  71  6:26  Protoss Ground Weapons Level 1 (Chrono Boost)  
  71  6:34  Stalker  
  71  6:35  Stalker  
  71  6:37  Stalker  
  77  6:45  Probe x2  
  79  6:51  Gateway  
  79  6:55  Gateway  
  79  7:05  Stalker x3  
  75  7:28  Immortal  
  75  7:29  Stalker  
  81  7:30  Stalker x2  
  85  7:54  Stalker x3  
  85  8:07  Immortal  
  87  8:19  Stalker x3  
  81  8:32  Stalker  
  81  8:33  Stalker x4  
  85  8:39  Charge  
  81  8:41  Probe  
  81  8:42  Probe  
  81  8:44  Protoss Ground Weapons Level 2 (Chrono Boost)  
  81  8:48  Gateway  
  81  8:49  Gateway  
  81  8:51  Gateway  
  81  8:53  Pylon  
  81  8:54  Pylon  
  81  8:56  Pylon  
  81  8:57  Pylon  
  79  9:07  Stalker x2  
  79  9:08  Stalker x3  
  75  9:33  Stalker x2  
  75  9:34  Stalker x3  
  81  9:50  Immortal  
  85  9:59  Sentry x2  
  89  10:04  Stalker x4  
  89  10:05  Stalker  
  99  10:07  Zealot  
  95  10:31  Zealot x3, Sentry x2  
  95  10:32  Zealot x2  
  107  10:51  Stalker x3  
  101  11:06  Zealot x4  
  101  11:07  Zealot  
  107  11:17  Warp Prism  
  109  11:29  Stalker x2  
  113  11:37  Stalker x2  
  115  11:50  Templar Archives  
  115  11:52  Sentry  
  117  11:57  Pylon  
  117  11:58  Pylon  
  117  12:17  Pylon  
  121  12:48  Stalker x3  
  121  12:49  Stalker x2  
Tags
 
Add a new tag
Caveats
  • Supply blocks, unpowered buildings, or Contaminate may cause inaccurate times.
  • Supply counts are checked every 10 seconds.